 Dungeon Crawl Stone Soup version 0.29-a0-919-gd064cfad1c (webtiles) character file.

Game seed: 16537527120777634850

25139 spaghetti the Thaumaturge (level 13, -7/89 HPs)
             Began as a Gnoll Venom Mage on July 26, 2022.
             Was an Elder of Hepliaklqana.
             Mangled by a blink frog (8 damage)
             ... on level 5 of the Lair of Beasts.
             The game lasted 00:27:50 (18050 turns).

spaghetti the Thaumaturge (Gnoll Venom Mage)       Turns: 18050, Time: 00:27:50

Health: -7/89      AC: 17    Str:  8    XL:     13   Next: 17%
Magic:  43/44      EV: 11    Int: 24    God:    Hepliaklqana [****..]
Gold:   295        SH:  0    Dex: 14    Spells: 4/31 levels left

rFire   + . .      SeeInvis .   q - +8 lajatang {staff}
rCold   . . .      Faith    .   (shield currently unavailable)
rNeg    . . .      Spirit   .   H - +1 scale mail of Suti {rPois rF+ Slay+2}
rPois   +          Reflect  .   A - +4 helmet "Vajonole" {MP+9}
rElec   .          Harm     .   (no cloak)
rCorr   .          Rampage  .   E - +0 pair of gloves
Will    .....                   T - +0 pair of boots
Stlth   ..........              e - amulet of the acrobat
HPRegen 0.24/turn               b - ring of magical power
MPRegen 0.29/turn               N - +6 ring of intelligence

@: confused, lethally poisoned (-7 -> -26), about to teleport, ambrosia-drunk,
very slightly contaminated
A: reduced essence, fangs 1, strong nose, distributed training, wild magic 1, no
potion heal 1
a: Renounce Religion, Recall Ancestor, Ancestor Identity, Transference, Idealise


You were on level 5 of the Lair of Beasts.
You worshipped Hepliaklqana.
Hepliaklqana was greatly pleased with you.
You visited 3 branches of the dungeon, and saw 15 of its levels.

You collected 751 gold pieces.
You spent 456 gold pieces at shops.


Innate Abilities, Weirdness & Mutations

Your life essence is reduced to manifest your ancestor. (-10% HP)
You have very sharp teeth.
Your uncanny sense of smell can sniff out nearby items.
Your experience applies equally to all skills.
Your spells are a little harder to cast, but a little more powerful.
Potions are less effective at restoring your health.


   Skills:
 + Level 8.3 Fighting
 + Level 8.3 Short Blades
 + Level 8.3 Long Blades
 + Level 8.3 Axes
 + Level 8.3 Maces & Flails
 + Level 8.3 Polearms
 + Level 8.3 Staves
 + Level 8.3 Ranged Weapons
 + Level 8.3 Throwing
 + Level 8.3 Armour
 + Level 9.6 Dodging
 + Level 9.4 Stealth
 + Level 8.3 Shields
 + Level 8.3 Unarmed Combat
 + Level 9.8 Spellcasting
 + Level 6.9 Conjurations
 + Level 6.9 Hexes
 + Level 6.9 Summonings
 + Level 6.9 Necromancy
 + Level 6.9 Translocations
 + Level 7.3 Transmutations
 + Level 6.9 Fire Magic
 + Level 6.9 Ice Magic
 + Level 6.9 Air Magic
 + Level 6.9 Earth Magic
 + Level 8.9 Poison Magic
 + Level 9.1 Invocations
 + Level 8.3 Evocations


You had 4 spell levels left.
You knew the following spells:

 Your Spells              Type           Power      Damage    Failure   Level
a - Sting                 Tmut/Pois      100%       1d8       2%          1
b - Mephitic Cloud        Conj/Pois/Air  58%        N/A       8%          3
c - Olgreb's Toxic Radia  Pois           63%        N/A       13%         4
d - Wereblood             Tmut           57%        N/A       4%          2
e - Sticky Flame          Conj/Fire      56%        2d7       28%         4
f - Lee's Rapid Deconstr  Erth           28%        3d16*     58%         5
g - Fulminant Prism       Conj/Hex       28%        3d14      28%         4
h - Summon Lightning Spi  Summ/Air       56%        N/A       28%         4

Your spell library contained the following spells:

 Spells                   Type           Power      Damage    Failure   Level
 Magic Dart               Conj           100%       1d8       3%          1
 Slow                     Hex            100%       N/A       3%          1
 Poisonous Vapours        Pois/Air       100%       N/A       3%          2
 Scorch                   Fire           100%       2d10      5%          2
 Searing Ray              Conj           100%       2d8       5%          2
 Static Discharge         Conj/Air       56%        3-10/arc  5%          2
 Sublimation of Blood     Necr           56%        N/A       5%          2
 Confusing Touch          Hex            56%        N/A       10%         3
 Ozocubu's Armour         Ice            56%        N/A       10%         3
 Summon Guardian Golem    Hex/Summ       56%        N/A       10%         3
 Vampiric Draining        Necr           56%        2d10      10%         3
 Ice Form                 Ice/Tmut       56%        N/A       26%         4
 Airstrike                Air            28%        0-9+      28%         4
 Dispel Undead            Necr           56%        3d20      28%         4
 Flame Wave               Conj/Fire      56%        2d13      28%         4
 Hailstorm                Conj/Ice       56%        3d12      28%         4
 Leda's Liquefaction      Hex/Erth       28%        N/A       28%         4
 Lightning Bolt           Conj/Air       28%        1d44      58%         5
 Metabolic Englaciation   Hex/Ice        28%        N/A       58%         5
 Simulacrum               Ice/Necr       28%        N/A       98%         6
 Statue Form              Tmut/Erth      37%        N/A       98%         6
 Summon Cactus Giant      Summ           28%        N/A       98%         6
 Orb of Destruction       Conj           28%        9d9       100%        7
 Spellforged Servitor     Conj/Summ      28%        N/A       100%        7
 Summon Hydra             Summ           28%        N/A       100%        7

Inventory:

Hand Weapons
 g - a +0 club {mace}
   (You took it off a goblin on level 1 of the Dungeon)
 m - a +3 short sword {short}
   (You found it on level 2 of the Dungeon)
 q - a +8 lajatang (weapon) {staff}
   (You found it on level 4 of the Lair of Beasts)
 v - a +2 short sword of speed {short}
   (You took it off a kobold on level 4 of the Dungeon)
 C - the +4 great sword "Fotissoa" {vorpal, rN++, long}
   (You found it on level 5 of the Dungeon)

   It inflicts extra damage upon your enemies.
   rN:        It greatly protects you from negative energy.
Missiles
 i - 2 silver javelins {throwing}
 l - 92 stones (quivered) {throwing}
 p - 3 javelins {throwing}
 w - 10 poisoned darts {throwing}
 z - 6 curare-tipped darts {=fthrowing}
Armour
 a - a +0 robe
 y - an orb of mayhem
   (You found it on level 4 of the Dungeon)
 A - the +4 helmet "Vajonole" (worn) {MP+9}
   (You bought it in a shop on level 3 of the Dungeon)

   MP:        It affects your magic capacity (+9).
 E - a +0 pair of gloves (worn)
   (You found it on level 5 of the Dungeon)
 G - +0 steam dragon scales
   (You took it off Maggie on level 8 of the Dungeon)
 H - the +1 scale mail of Suti (worn) {rPois rF+ Slay+2}
   (You found it on level 8 of the Dungeon)

   Slay:      It affects your accuracy & damage with ranged weapons and melee
   (+2).
   rF:        It protects you from fire.
   rPois:     It protects you from poison.
 T - a +0 pair of boots (worn)
   (You found it on level 6 of the Dungeon)
Jewellery
 b - a ring of magical power (left hand)
   (You found it on level 1 of the Lair of Beasts)
 e - an amulet of the acrobat (around neck)
   (You found it on level 1 of the Dungeon)
 D - an amulet of reflection
   (You found it on level 5 of the Dungeon)
 M - a ring of poison resistance
   (You found it on level 2 of the Lair of Beasts)
 N - a +6 ring of intelligence (right hand)
   (You found it on level 2 of the Lair of Beasts)
Wands
 f - a wand of digging (8)
   (You found it on level 7 of the Dungeon)
 s - a wand of charming (7)
   (You took it off Maggie on level 8 of the Dungeon)
 K - a wand of polymorph (9)
   (You found it on level 1 of the Lair of Beasts)
 Q - a wand of quicksilver (9)
   (You found it on level 2 of the Lair of Beasts)
 R - a wand of mindburst (6)
   (You found it on level 2 of the Lair of Beasts)
 U - a wand of flame (18)
   (You found it on level 6 of the Dungeon)
Scrolls
 c - 2 scrolls of teleportation {@r4}
 h - a scroll of fog
 k - 2 scrolls of vulnerability {!r!r}
 n - 2 scrolls of enchant armour
 r - a scroll of torment {!r}
 t - a scroll of magic mapping {!r}
 F - 3 scrolls of poison {!r}
 V - a scroll of amnesia {unknown}
 W - 3 scrolls of identify {@r1}
Potions
 o - 2 potions of degeneration {!q@e2}
 u - 2 potions of cancellation
 x - 2 potions of flight
 B - a potion of magic
 I - a potion of might
 J - a potion of ambrosia
 L - 2 potions of lignification {!q}
 O - a potion of brilliance
 P - 2 potions of attraction {!q}
 S - 3 potions of invisibility {unknown}

Dungeon Overview and Level Annotations

Branches:
Dungeon (9/15) Zot: 25842  Temple (1/1) D:5 Zot: 5978    Lair (5/5) D:8 Zot: 23131
  Swamp (0/4) Lair:3        Snake (0/4) Lair:2
  Slime: Lair:4-5       Orc: D:9-12

Altars:
Cheibriados
Elyvilon
Gozag
Hepliaklqana
Kikubaaqudgha
Okawaru
Sif Muna
Xom
Zin
The Shining One

Shops:
D:3 [   D:4 * D:5

?*[ ###.#....##............
###P.......###...........
..........#####...........
.P##........###............
#.........#P.........##.
#.#.......#...........P.
####.....P##............
####...##...........#
#@F##....##.#....P
#FFF...P## #####...
#.R....## #... PF.w..P#
#..P. P.......P# #....##.
§......≈.P≈∆####. ##
.......≈≈≈≈≈ .. #
...≈≈≈≈≈≈≈≈≈≈ ... # .P .P.


You could see the friendly Tertia the knight, a tyrant leech (distracted,
poisoned, ally target), a cane toad, 3 blink frogs and a bullfrog (very
poisoned).


Message History

The bullfrog looks even sicker.
The tyrant leech looks even sicker.
The blink frog looks even sicker. x2
Your toxic aura wanes.
Tertia hits the vampire mosquito with a +0 flail!
The bullfrog hits Tertia but does no damage.
The cane toad stings you but does no damage.
The vampire mosquito closely misses you.
You slice the vampire mosquito!!
You destroy the vampire mosquito!
The cane toad stings you but does no damage.
The blink frog hits Tertia but does no damage. 😕 MP[+1]
Casting: Olgreb's Toxic Radiance (dangerous; 13% risk of failure)
Confirm with . or Enter, or press ? or * to list all spells.
You miscast Olgreb's Toxic Radiance.
You are very lightly contaminated with residual magic.
Nothing appears to happen.
The blink frog blinks!
Tertia closely misses the blink frog.
Tertia blocks the blink frog's attack.
The cane toad barely misses you.
Tertia blocks the blink frog's attack.
The blink frog hits you but does no damage. 😕 HP[+1] MP[-4]
You lost 4 mp, and now have 37/44 mp.
Unknown command.
Unknown command.
You slice the cane toad!!
The blink frog hits Tertia.
The blink frog hits you but does no damage.
The bullfrog hits you. The cane toad stings you!
You are poisoned.
The cane toad poisons you!
Tertia hits the blink frog with a +0 flail.
The blink frog blinks!
Tertia blocks the blink frog's attack.
The blink frog completely misses you.
The tyrant leech bites Tertia! 😕 HP[-17]
You take 17 damage, and now have 68/89 hp.
Unknown command.
You hit the cane toad but do no damage.
You feel very sick. The cane toad stings you!
Tertia hits the tyrant leech with a +0 flail!
Tertia blocks the blink frog's attack.
The blink frog hits you. The blink frog closely misses you.
The cane toad stings you!
* * * LOW HITPOINT WARNING * * *
Tertia blocks the blink frog's attack. 😨 HP[-35]
You take 35 damage, and now have 33/89 hp.
MASSIVE DAMAGE!! (PAUSE) Unknown command.
As you read the scroll of teleportation {@r4}, it crumbles to dust.
You feel strangely unstable.
You feel very sick. The bullfrog closely misses you.
The blink frog hits Tertia!
The blink frog hits you.
* * * LOW HITPOINT WARNING * * *
Tertia hits the blink frog with a +0 flail!
The blink frog hits you!
* * * LOW HITPOINT WARNING * * *
The blink frog blinks!
Tertia blocks the tyrant leech's attack.
The blink frog hits Tertia but does no damage.
The cane toad stings you.
* * * LOW HITPOINT WARNING * * *
The bullfrog hits you but does no damage.
Tertia blocks the blink frog's attack. 😱 HP[-23] MP[+1]
You take 23 damage, and now have 10/89 hp.
MASSIVE DAMAGE!! (PAUSE) Unknown command.
Unknown command.
Your system partially rejects the healing.
You feel much better.
You feel very sick.
The blink frog hits you but does no damage.
The blink frog barely misses Tertia.
Tertia hits the blink frog with a +0 flail!
The blink frog dies!
The bullfrog hits you but does no damage.
The cane toad stings you!
* * * LOW HITPOINT WARNING * * *
You are lethally poisoned!
The cane toad poisons you!
The tyrant leech bites Tertia!!
The blink frog hits you but does no damage.
The blink frog blinks! 😱 HP[+1] Unknown command.
Unknown command.
Unknown command.
Unknown command.
You are confused.
Your system partially rejects the healing.
You feel invigorated.
* * * LOW HITPOINT WARNING * * *
You feel very sick.
The blink frog completely misses Tertia.
The bullfrog hits you.
* * * LOW HITPOINT WARNING * * *
Tertia hits the tyrant leech with a +0 flail.
The cane toad stings you.
* * * LOW HITPOINT WARNING * * *
The blink frog hits you!
You die...

Skill      XL: |  1  2  3  4  5  6  7  8  9 10 11 12 13 |
---------------+----------------------------------------+-----
Transmutations | 2 3 4 5 6 7 |  7.3
Spellcasting   | 5 6 7 8 9 |  9.8
Invocations    | 1 2 3 4 5 6 7 8 9 |  9.1
Fighting       | 1 2 3 5 6 7 8 |  8.3
Short Blades   | 1 2 3 5 6 7 8 |  8.3
Long Blades    | 1 2 3 5 6 7 8 |  8.3
Axes           | 1 2 3 5 6 7 8 |  8.3
Maces & Flails | 1 2 3 5 6 7 8 |  8.3
Polearms       | 1 2 3 5 6 7 8 |  8.3
Staves         | 1 2 3 5 6 7 8 |  8.3
Ranged Weapons | 1 2 3 5 6 7 8 |  8.3
Throwing       | 1 2 3 5 6 7 8 |  8.3
Armour         | 1 2 3 5 6 7 8 |  8.3
Shields        | 1 2 3 5 6 7 8 |  8.3
Unarmed Combat | 1 2 3 5 6 7 8 |  8.3
Evocations     | 1 2 3 5 6 7 8 |  8.3
Conjurations   | 1 2 3 4 5 6 |  6.9
Hexes          | 1 2 3 4 5 6 |  6.9
Summonings     | 1 2 3 4 5 6 |  6.9
Necromancy     | 1 2 3 4 5 6 |  6.9
Translocations | 1 2 3 4 5 6 |  6.9
Fire Magic     | 1 2 3 4 5 6 |  6.9
Ice Magic      | 1 2 3 4 5 6 |  6.9
Air Magic      | 1 2 3 4 5 6 |  6.9
Earth Magic    | 1 2 3 4 5 6 |  6.9
Dodging        | 5 6 7 8 9 |  9.6
Stealth        | 5 6 7 8 9 |  9.4
Poison Magic   | 6 7 8 |  8.9

Action                   |  1- 3 |  4- 6 |  7- 9 | 10-12 | 13-15 || total
-------------------------+-------+-------+-------+-------+-------++-------
Melee: Club              |     9 |       |       |       |       ||     9
       Bite              |     1 |     3 |    13 |    11 |     6 ||    34
       Unarmed           |     1 |       |       |       |       ||     1
       Short sword       |       |    45 |    45 |       |       ||    90
       Punch             |       |     1 |       |       |       ||     1
       Great sword       |       |       |    41 |    70 |    23 ||   134
       Lajatang          |       |       |       |       |    13 ||    13
Throw: Stone             |     9 |     6 |    20 |    10 |     5 ||    50
       Javelin           |       |     1 |       |       |       ||     1
 Cast: Sting             |    98 |    51 |    71 |    88 |       ||   308
       Mephitic Cloud    |       |     5 |     3 |       |       ||     8
       Olgreb's Toxic Ra |       |       |    65 |   146 |    18 ||   229
       Sticky Flame      |       |       |       |     5 |       ||     5
       Fulminant Prism   |       |       |       |    12 |       ||    12
Invok: Recall Ancestor   |       |       |       |     1 |       ||     1
       Ancestor Life: Kn |       |       |       |     1 |       ||     1
Evoke: Wand              |       |       |       |     4 |       ||     4
  Use: Potion            |       |     3 |     8 |     7 |     2 ||    20
       Scroll            |       |       |     6 |     6 |    11 ||    23
 Stab: Confused          |       |     3 |     2 |       |       ||     5
       Sleeping          |       |     4 |     6 |       |     2 ||    12
       Distracted        |       |       |       |     1 |       ||     1
Armor: Robe              |    13 |     4 |    18 |       |       ||    35
       Skin              |       |       |    11 |       |       ||    11
       Steam dragon scal |       |       |     8 |    67 |    10 ||    85
       Scale mail        |       |       |       |       |    13 ||    13
Dodge: Dodged            |    27 |    52 |    84 |   178 |    50 ||   391

Levels and vault maps discovered:
D:1:      tarquinn_simple_flora_water_b, layout_loops_cross
D:2:      layout_rooms
D:3:      layout_basic, serial_shops, nicolae_lakefront_shop, uniq_sigmund,
          uniq_terence
D:4:      layout_rooms, nicolae_elemental_shop, minmay_strange_pillars
D:5:      layout_loops_ring, temple_green, serial_shops,
          nicolae_shop_window_shopping, shop_fountains, nicolae_square_shop
D:6:      layout_loops_cross, hex_medium, kennysheep_potato, uniq_menkaure
D:7:      layout_gridville, tso_oasis_becter, chequers_serial_rivers_micro_e
D:8:      layout_basic, lair_entry_dummy, minmay_increasing_density, uniq_maggie
D:9:      layout_irregular_city, lemuel_crystal_altar, serial_bayou_lagoon_a,
          chequers_serial_rivers_micro_a, st_stairs_9, uniq_pikel
Temple:   nicolae_temple_bog_church
Lair:1:   layout_gridlike, nicolae_volcano_entry_s_turn,
          grunt_forest_large_clearings
Lair:2:   layout_chaotic_city, guppyfry_snake_entry_island
Lair:3:   layout_loops_ring, minmay_swamp_entry_worms, lemuel_fruit_tree,
          grunt_megastairs_1
Lair:4:   layout_roguey, dpeg_slime_entry_corner, serial_bayou_pond_d,
          nzn_random_ring, grunt_megastairs_4
Lair:5:   minmay_lair_end_frog_pond, layout_cave_pods, nzn_sisyphean_effort,
          uniq_rupert

Notes
Turn   | Place    | Note
-------+----------+-------------------------------------------
     0 | D:1      | spaghetti the Gnoll Venom Mage began the quest for the Orb.
     0 | D:1      | Reached XP level 1. HP: 13/13 MP: 6/6
     0 | D:1      | magus.rc [v1.9.6]
   297 | D:1      | Reached skill level 2 in Transmutations
   353 | D:1      | Reached XP level 2. HP: 17/19 MP: 4/7
  1020 | D:1      | Reached skill level 5 in Spellcasting
  1020 | D:1      | Reached XP level 3. HP: 25/25 MP: 5/9
  1439 | D:2      | Reached skill level 1 in Invocations
  1601 | D:2      | Learned a level 3 spell: Mephitic Cloud
  1676 | D:2      | Reached skill level 1 in Fighting
  1676 | D:2      | Reached skill level 1 in Short Blades
  1676 | D:2      | Reached skill level 1 in Long Blades
  1676 | D:2      | Reached skill level 1 in Axes
  1676 | D:2      | Reached skill level 1 in Maces & Flails
  1676 | D:2      | Reached skill level 1 in Polearms
  1676 | D:2      | Reached skill level 1 in Staves
  1676 | D:2      | Reached skill level 1 in Ranged Weapons
  1676 | D:2      | Reached skill level 1 in Throwing
  1676 | D:2      | Reached skill level 1 in Armour
  1676 | D:2      | Reached skill level 1 in Shields
  1676 | D:2      | Reached skill level 1 in Unarmed Combat
  1676 | D:2      | Reached skill level 1 in Evocations
  2167 | D:3      | Reached XP level 4. HP: 30/32 MP: 0/11
  2405 | D:3      | HP: 8/32 [poisoned by an adder]
  2411 | D:3      | Reached skill level 1 in Conjurations
  2411 | D:3      | Reached skill level 1 in Hexes
  2411 | D:3      | Reached skill level 1 in Summonings
  2411 | D:3      | Reached skill level 1 in Necromancy
  2411 | D:3      | Reached skill level 1 in Translocations
  2411 | D:3      | Reached skill level 1 in Fire Magic
  2411 | D:3      | Reached skill level 1 in Ice Magic
  2411 | D:3      | Reached skill level 1 in Air Magic
  2411 | D:3      | Reached skill level 1 in Earth Magic
  2421 | D:3      | Reached XP level 5. HP: 19/37 MP: 1/12
  2702 | D:3      | Learned a level 4 spell: Olgreb's Toxic Radiance
  2772 | D:3      | Found Lanuh Boapn's Antique Armour Shoppe.
  2963 | D:3      | Noticed Sigmund
  2981 | D:3      | Killed Sigmund
  2982 | D:3      | Reached skill level 2 in Fighting
  2982 | D:3      | Reached skill level 2 in Short Blades
  2982 | D:3      | Reached skill level 2 in Long Blades
  2982 | D:3      | Reached skill level 2 in Axes
  2982 | D:3      | Reached skill level 2 in Maces & Flails
  2982 | D:3      | Reached skill level 2 in Polearms
  2982 | D:3      | Reached skill level 2 in Staves
  2982 | D:3      | Reached skill level 2 in Ranged Weapons
  2982 | D:3      | Reached skill level 2 in Throwing
  2982 | D:3      | Reached skill level 2 in Armour
  2982 | D:3      | Reached skill level 5 in Dodging
  2982 | D:3      | Reached skill level 2 in Shields
  2982 | D:3      | Reached skill level 2 in Unarmed Combat
  2982 | D:3      | Reached skill level 2 in Invocations
  2982 | D:3      | Reached skill level 2 in Evocations
  2982 | D:3      | Reached XP level 6. HP: 43/44 MP: 11/14
  3023 | D:3      | Noticed Terence
  3032 | D:3      | Killed Terence
  3676 | D:4      | Reached XP level 7. HP: 38/50 MP: 0/15
  3922 | D:4      | Reached skill level 2 in Conjurations
  3922 | D:4      | Reached skill level 2 in Hexes
  3922 | D:4      | Reached skill level 2 in Summonings
  3922 | D:4      | Reached skill level 2 in Necromancy
  3922 | D:4      | Reached skill level 2 in Translocations
  3922 | D:4      | Reached skill level 3 in Transmutations
  3922 | D:4      | Reached skill level 2 in Fire Magic
  3922 | D:4      | Reached skill level 2 in Ice Magic
  3922 | D:4      | Reached skill level 2 in Air Magic
  3922 | D:4      | Reached skill level 2 in Earth Magic
  4121 | D:4      | You pick up a book of Debilitation and begin reading...
  4121 | D:4      | You add the spells Slow, Vampiric Draining and Confusing
                  | Touch to your library.
  4134 | D:4      | Found Folidgh's Elemental Accessories.
  4306 | D:3      | Bought a bloodstained helmet for 209 gold pieces
  4306 | D:3      | Identified the +4 helmet "Vajonole" {MP+9} (You bought it
                  | in a shop on level 3 of the Dungeon)
  4410 | D:5      | Entered Level 5 of the Dungeon
  4593 | D:5      | Reached skill level 5 in Stealth
  4607 | D:5      | Reached skill level 3 in Invocations
  4750 | D:5      | Reached skill level 6 in Poison Magic
  4879 | D:5      | Identified the +4 great sword "Fotissoa" {vorpal, rN++}
  5122 | D:5      | Found Orghi's Assorted Antiques.
  5151 | D:5      | Found Vinedoralo's Magic Scroll Shoppe.
  5334 | D:5      | Reached skill level 3 in Fighting
  5334 | D:5      | Reached skill level 3 in Short Blades
  5334 | D:5      | Reached skill level 3 in Long Blades
  5334 | D:5      | Reached skill level 3 in Axes
  5334 | D:5      | Reached skill level 3 in Maces & Flails
  5334 | D:5      | Reached skill level 3 in Polearms
  5334 | D:5      | Reached skill level 3 in Staves
  5334 | D:5      | Reached skill level 3 in Ranged Weapons
  5334 | D:5      | Reached skill level 3 in Throwing
  5334 | D:5      | Reached skill level 3 in Armour
  5334 | D:5      | Reached skill level 3 in Shields
  5334 | D:5      | Reached skill level 3 in Unarmed Combat
  5334 | D:5      | Reached skill level 3 in Evocations
  5381 | D:5      | Reached XP level 8. HP: 53/58 MP: 16/16
  5471 | D:5      | Found a staircase to the Ecumenical Temple.
  5480 | Temple   | Entered the Ecumenical Temple
  5491 | Temple   | Became a worshipper of Hepliaklqana the Forgotten
  5631 | D:5      | Found Juzxeoq's Armour Shop.
  5989 | D:6      | Reached skill level 6 in Spellcasting
  6119 | D:6      | Noticed a vampire
  6122 | D:6      | Gained mutation: Your spells are a little harder to cast,
                  | but a little more powerful. [potion of mutation]
  6122 | D:6      | Gained mutation: Potions are less effective at restoring
                  | your health. [potion of mutation]
  6425 | D:7      | You pick up a book of Winter and begin reading...
  6425 | D:7      | You add the spells Ozocubu's Armour, Metabolic Englaciation
                  | and Simulacrum to your library.
  6514 | D:7      | Noticed a wyvern
  6520 | D:7      | HP: 14/58 [wyvern (5)]
  6521 | D:7      | HP: 3/58 [wyvern (10)]
  6522 | D:7      | Killed a wyvern
  6523 | D:7      | Reached skill level 3 in Conjurations
  6523 | D:7      | Reached skill level 3 in Hexes
  6523 | D:7      | Reached skill level 3 in Summonings
  6523 | D:7      | Reached skill level 3 in Necromancy
  6523 | D:7      | Reached skill level 3 in Translocations
  6523 | D:7      | Reached skill level 3 in Fire Magic
  6523 | D:7      | Reached skill level 3 in Ice Magic
  6523 | D:7      | Reached skill level 3 in Air Magic
  6523 | D:7      | Reached skill level 3 in Earth Magic
  6523 | D:7      | Reached skill level 4 in Invocations
  7169 | D:7      | Reached * piety under Hepliaklqana
  7186 | D:7      | Reached skill level 6 in Dodging
  7213 | D:7      | Found a glowing golden altar of the Shining One.
  7422 | D:8      | Reached XP level 9. HP: 25/58 MP: 18/18
  7602 | D:8      | Reached skill level 4 in Fighting
  7602 | D:8      | Reached skill level 4 in Short Blades
  7602 | D:8      | Reached skill level 4 in Long Blades
  7602 | D:8      | Reached skill level 4 in Axes
  7602 | D:8      | Reached skill level 4 in Maces & Flails
  7602 | D:8      | Reached skill level 4 in Polearms
  7602 | D:8      | Reached skill level 4 in Staves
  7602 | D:8      | Reached skill level 4 in Ranged Weapons
  7602 | D:8      | Reached skill level 4 in Throwing
  7602 | D:8      | Reached skill level 4 in Armour
  7602 | D:8      | Reached skill level 4 in Shields
  7602 | D:8      | Reached skill level 4 in Unarmed Combat
  7602 | D:8      | Reached skill level 4 in Transmutations
  7602 | D:8      | Reached skill level 4 in Evocations
  7726 | D:8      | You pick up a book of Blood and begin reading...
  7726 | D:8      | You add the spells Sublimation of Blood, Wereblood and
                  | Summon Hydra to your library.
  7730 | D:8      | Learned a level 2 spell: Wereblood
  7864 | D:8      | Noticed Maggie
  7878 | D:8      | Killed Maggie
  7879 | D:8      | Reached skill level 6 in Stealth
  8201 | D:8      | Found a staircase to the Lair.
  8223 | D:8      | Identified the +1 scale mail of Suti {rPois rF+ Slay+2}
  8252 | D:8      | Reached skill level 5 in Invocations
  8556 | D:8      | Noticed a hornet
  8565 | D:8      | Killed a hornet
  8642 | D:8      | Reached skill level 7 in Spellcasting
  9194 | D:8      | Noticed a troll
  9197 | D:8      | Noticed a two-headed ogre
  9203 | D:8      | Killed a troll
  9204 | D:8      | Reached skill level 4 in Conjurations
  9204 | D:8      | Reached skill level 4 in Hexes
  9204 | D:8      | Reached skill level 4 in Summonings
  9204 | D:8      | Reached skill level 4 in Necromancy
  9204 | D:8      | Reached skill level 4 in Translocations
  9204 | D:8      | Reached skill level 4 in Fire Magic
  9204 | D:8      | Reached skill level 4 in Ice Magic
  9204 | D:8      | Reached skill level 4 in Air Magic
  9204 | D:8      | Reached skill level 4 in Earth Magic
  9206 | D:8      | Killed a two-headed ogre
  9207 | D:8      | Reached skill level 5 in Fighting
  9207 | D:8      | Reached skill level 5 in Short Blades
  9207 | D:8      | Reached skill level 5 in Long Blades
  9207 | D:8      | Reached skill level 5 in Axes
  9207 | D:8      | Reached skill level 5 in Maces & Flails
  9207 | D:8      | Reached skill level 5 in Polearms
  9207 | D:8      | Reached skill level 5 in Staves
  9207 | D:8      | Reached skill level 5 in Ranged Weapons
  9207 | D:8      | Reached skill level 5 in Throwing
  9207 | D:8      | Reached skill level 5 in Armour
  9207 | D:8      | Reached skill level 7 in Dodging
  9207 | D:8      | Reached skill level 5 in Shields
  9207 | D:8      | Reached skill level 5 in Unarmed Combat
  9207 | D:8      | Reached skill level 7 in Poison Magic
  9207 | D:8      | Reached skill level 5 in Evocations
  9207 | D:8      | Reached XP level 10. HP: 66/66 MP: 0/20
  9265 | D:8      | Reached skill level 5 in Transmutations
  9269 | D:8      | You pick up a book of Touch and begin reading...
  9269 | D:8      | You add the spells Static Discharge, Sticky Flame and
                  | Dispel Undead to your library.
  9275 | D:8      | Learned a level 4 spell: Sticky Flame
  9638 | Lair:1   | Entered Level 1 of the Lair of Beasts
  9642 | Lair:1   | Reached ** piety under Hepliaklqana
  9732 | Lair:1   | You pick up a book of Debilitation and begin reading...
  9749 | Lair:1   | Noticed a black mamba
  9756 | Lair:1   | HP: 13/66 [black mamba (9)]
  9757 | Lair:1   | Reached skill level 6 in Invocations
  9757 | Lair:1   | Noticed a seven-headed hydra
  9758 | Lair:1   | Reached skill level 7 in Stealth
  9791 | Lair:1   | HP: 17/68 [black mamba (7)]
  9793 | Lair:1   | HP: 4/68 [black mamba (12)]
  9798 | Lair:1   | HP: 9/68 [poisoned by a black mamba]
  9803 | Lair:1   | HP: 4/68 [poisoned by a black mamba]
 10218 | D:8      | Remembered your ancestor Tertia as a knight
 10301 | Lair:1   | Killed a black mamba
 10304 | Lair:1   | Noticed a cane toad
 10314 | Lair:1   | Killed a cane toad
 10315 | Lair:1   | Reached skill level 6 in Fighting
 10315 | Lair:1   | Reached skill level 6 in Short Blades
 10315 | Lair:1   | Reached skill level 6 in Long Blades
 10315 | Lair:1   | Reached skill level 6 in Axes
 10315 | Lair:1   | Reached skill level 6 in Maces & Flails
 10315 | Lair:1   | Reached skill level 6 in Polearms
 10315 | Lair:1   | Reached skill level 6 in Staves
 10315 | Lair:1   | Reached skill level 6 in Ranged Weapons
 10315 | Lair:1   | Reached skill level 6 in Throwing
 10315 | Lair:1   | Reached skill level 6 in Armour
 10315 | Lair:1   | Reached skill level 6 in Shields
 10315 | Lair:1   | Reached skill level 6 in Unarmed Combat
 10315 | Lair:1   | Reached skill level 6 in Evocations
 10330 | Lair:1   | Reached skill level 5 in Conjurations
 10330 | Lair:1   | Reached skill level 5 in Hexes
 10330 | Lair:1   | Reached skill level 5 in Summonings
 10330 | Lair:1   | Reached skill level 5 in Necromancy
 10330 | Lair:1   | Reached skill level 5 in Translocations
 10330 | Lair:1   | Reached skill level 5 in Fire Magic
 10330 | Lair:1   | Reached skill level 5 in Ice Magic
 10330 | Lair:1   | Reached skill level 5 in Air Magic
 10330 | Lair:1   | Reached skill level 5 in Earth Magic
 10337 | Lair:1   | Reached XP level 11. HP: 24/72 MP: 3/22
 10465 | Lair:1   | Reached skill level 8 in Spellcasting
 10657 | Lair:1   | You pick up a book of the Tundra and begin reading...
 10657 | Lair:1   | You add the spells Hailstorm and Ice Form to your library.
 10722 | Lair:1   | Killed a seven-headed hydra
 10892 | Lair:1   | Noticed a catoblepas
 10903 | Lair:1   | Killed a catoblepas
 10904 | Lair:1   | Reached skill level 7 in Invocations
 11089 | Lair:1   | HP: 16/73 [poisoned by a black mamba]
 11090 | Lair:1   | Reached skill level 8 in Dodging
 11094 | Lair:1   | HP: 11/111 [poisoned by a black mamba]
 11099 | Lair:1   | HP: 6/111 [poisoned by a black mamba]
 11900 | Lair:1   | Reached skill level 6 in Transmutations
 11904 | Lair:1   | Reached skill level 8 in Stealth
 12219 | Lair:1   | You pick up a book of Conjurations {@e2} and begin
                  | reading...
 12219 | Lair:1   | You add the spells Magic Dart, Searing Ray and Fulminant
                  | Prism to your library.
 12251 | Lair:2   | You pick up a book of Conjurations {@e2} and begin
                  | reading...
 12468 | Lair:2   | Reached skill level 8 in Poison Magic
 12530 | Lair:2   | You pick up a book of the Earth and begin reading...
 12530 | Lair:2   | You add the spells Leda's Liquefaction, Lee's Rapid
                  | Deconstruction and Statue Form to your library.
 12583 | Lair:2   | Learned a level 5 spell: Lee's Rapid Deconstruction
 12588 | Lair:2   | Learned a level 4 spell: Fulminant Prism
 12787 | Lair:2   | Noticed a catoblepas
 12801 | Lair:2   | Killed a catoblepas
 12802 | Lair:2   | Reached skill level 7 in Fighting
 12802 | Lair:2   | Reached skill level 7 in Short Blades
 12802 | Lair:2   | Reached skill level 7 in Long Blades
 12802 | Lair:2   | Reached skill level 7 in Axes
 12802 | Lair:2   | Reached skill level 7 in Maces & Flails
 12802 | Lair:2   | Reached skill level 7 in Polearms
 12802 | Lair:2   | Reached skill level 7 in Staves
 12802 | Lair:2   | Reached skill level 7 in Ranged Weapons
 12802 | Lair:2   | Reached skill level 7 in Throwing
 12802 | Lair:2   | Reached skill level 7 in Armour
 12802 | Lair:2   | Reached skill level 7 in Shields
 12802 | Lair:2   | Reached skill level 7 in Unarmed Combat
 12802 | Lair:2   | Reached skill level 7 in Evocations
 13026 | Lair:2   | Found a staircase to the Snake Pit.
 13034 | Lair:2   | Reached XP level 12. HP: 81/81 MP: 24/24
 13094 | Lair:2   | You pick up a book of Scorching and begin reading...
 13094 | Lair:2   | You add the spells Scorch, Flame Wave and Summon Cactus
                  | Giant to your library.
 13143 | Lair:2   | You pick up a book of Touch and begin reading...
 13161 | Lair:2   | Reached skill level 6 in Conjurations
 13161 | Lair:2   | Reached skill level 6 in Hexes
 13161 | Lair:2   | Reached skill level 6 in Summonings
 13161 | Lair:2   | Reached skill level 6 in Necromancy
 13161 | Lair:2   | Reached skill level 6 in Translocations
 13161 | Lair:2   | Reached skill level 6 in Fire Magic
 13161 | Lair:2   | Reached skill level 6 in Ice Magic
 13161 | Lair:2   | Reached skill level 6 in Air Magic
 13161 | Lair:2   | Reached skill level 6 in Earth Magic
 13567 | Lair:3   | Reached skill level 8 in Invocations
 13721 | Lair:3   | HP: 18/81 [poisoned by a black mamba]
 13784 | Lair:3   | Reached skill level 9 in Spellcasting
 13797 | Lair:3   | Noticed a four-headed hydra
 13810 | Lair:3   | Killed a four-headed hydra
 14008 | Lair:3   | Reached *** piety under Hepliaklqana
 14451 | Lair:3   | Noticed a four-headed hydra
 14462 | Lair:3   | Killed a four-headed hydra
 14463 | Lair:3   | Reached skill level 9 in Dodging
 14807 | Lair:3   | Found a staircase to the Swamp.
 15171 | Lair:4   | HP: 20/82 [poisoned by a water moccasin]
 15176 | Lair:3   | HP: 15/82 [poisoned by a water moccasin]
 15503 | Lair:4   | Reached skill level 9 in Stealth
 15609 | Lair:4   | Reached skill level 7 in Transmutations
 15784 | Lair:4   | Reached skill level 8 in Fighting
 15784 | Lair:4   | Reached skill level 8 in Short Blades
 15784 | Lair:4   | Reached skill level 8 in Long Blades
 15784 | Lair:4   | Reached skill level 8 in Axes
 15784 | Lair:4   | Reached skill level 8 in Maces & Flails
 15784 | Lair:4   | Reached skill level 8 in Polearms
 15784 | Lair:4   | Reached skill level 8 in Staves
 15784 | Lair:4   | Reached skill level 8 in Ranged Weapons
 15784 | Lair:4   | Reached skill level 8 in Throwing
 15784 | Lair:4   | Reached skill level 8 in Armour
 15784 | Lair:4   | Reached skill level 8 in Shields
 15784 | Lair:4   | Reached skill level 8 in Unarmed Combat
 15784 | Lair:4   | Reached skill level 8 in Evocations
 16092 | Lair:4   | You pick up a book of Storms and begin reading...
 16092 | Lair:4   | You add the spells Airstrike, Summon Lightning Spire and
                  | Lightning Bolt to your library.
 16124 | Lair:4   | Learned a level 4 spell: Summon Lightning Spire
 16195 | Lair:4   | Reached XP level 13. HP: 79/88 MP: 26/26
 16401 | Lair:4   | Reached **** piety under Hepliaklqana
 16462 | Lair:4   | Reached skill level 9 in Invocations
 17089 | D:6      | You pick up a book of Dangerous Friends and begin
                  | reading...
 17089 | D:6      | You add the spells Summon Guardian Golem, Orb of
                  | Destruction and Spellforged Servitor to your library.
 17174 | D:6      | Noticed Menkaure
 17179 | D:6      | Killed Menkaure
 17608 | D:5      | Bought 3 scrolls of enchant weapon for 247 gold pieces
 17896 | Lair:5   | Entered Level 5 of the Lair of Beasts
 18048 | Lair:5   | HP: 12/89 [blink frog (14)]
 18050 | Lair:5   | HP: 5/89 [bullfrog (2)]
 18050 | Lair:5   | HP: 1/89 [cane toad (4)]
 18050 | Lair:5   | Mangled by a blink frog

Vanquished Creatures
  3 catoblepae
  3 hydras
  A two-headed ogre (D:8)
  3 elephants
  2 black mambas
  3 cane toads
  A rime drake (Lair:5)
  Maggie (D:8)
  3 komodo dragons
  A troll (D:8)
  9 blink frogs
  A hornet (D:8)
  Sigmund (D:3)
  A vampire (D:6)
  2 wyverns
  3 basilisks (Lair:3)
  2 steam dragons
  18 yaks
  Menkaure (D:6)
  2 vampire mosquitoes (Lair:5)
  2 nagas (Lair:2)
  8 water moccasins
  An ice beast (D:6)
  A sky beast (D:8)
  2 ogres (D:4)
  16 wolves
  3 centaurs
  A phantom (D:6)
  8 bullfrogs
  A scorpion (D:5)
  5 wights (D:8)
  4 killer bees (D:8)
  An electric eel (Lair:1)
  3 howler monkeys (D:8)
  3 hounds
  5 orc priests
  A gnoll bouda (D:7)
  Terence (D:3)
  3 iguanas
  5 orc wizards
  5 gnolls (D:7)
  6 adders
  A shadow imp (D:7)
  A white imp (D:7)
  A worm (D:2)
  2 dart slugs
  27 orcs
  3 ball pythons
  7 endoplasms
  5 giant cockroaches
  8 goblins
  7 hobgoblins
  4 jackals (D:1)
  6 kobolds
  5 quokkas
  7 bats
  4 frilled lizards
  6 rats
240 creatures vanquished.

Vanquished Creatures (collateral kills)
  3 elephants
  A black mamba (Lair:1)
  A cane toad (Lair:4)
  A polar bear (Lair:3)
  3 blink frogs
  4 yaks
  A basilisk (Lair:3)
  2 swamp worms (Lair:3)
  A naga (Lair:2)
  9 water moccasins
  An ice beast (D:7)
  13 wolves
  2 centaurs (D:6)
  2 bullfrogs
  A wight (D:8)
  A killer bee (D:8)
  A howler monkey (D:8)
  A jelly (D:6)
48 creatures vanquished.

Vanquished Creatures (others)
  A knight (Lair:4)
  3 ancestors (D:8)
  12 fulminant prisms
  29 fungi
  34 plants
79 creatures vanquished.

Grand Total: 367 creatures vanquished

Table legend:
 A = Non-vault XP
 B = Vault XP
 C = Vault XP percentage of total XP
 D = Non-vault monster count
 E = Vault monster count
 F = Vault count percentage of total count
                 A         B        C        D         E       F
            +---------+---------+-------+---------+---------+-------
      Total |   27171 |    8743 |  24.3 |     232 |      56 |  19.4
            +---------+---------+-------+---------+---------+-------
        D:1 |      36 |       0 |   0.0 |      20 |       0 |   0.0
        D:2 |      39 |       0 |   0.0 |      21 |       0 |   0.0
        D:3 |     123 |     269 |  68.6 |      26 |       2 |   7.1
        D:4 |     365 |       0 |   0.0 |      16 |       0 |   0.0
        D:5 |     537 |       0 |   0.0 |      21 |       0 |   0.0
        D:6 |     869 |     437 |  33.5 |       9 |       4 |  30.8
        D:7 |     643 |       0 |   0.0 |      12 |       0 |   0.0
        D:8 |    2066 |    1736 |  45.7 |      27 |       8 |  22.9
     Lair:1 |    6215 |    2921 |  32.0 |      23 |      25 |  52.1
     Lair:2 |    4269 |     480 |  10.1 |      13 |       3 |  18.8
     Lair:3 |    4760 |     769 |  13.9 |      17 |       5 |  22.7
     Lair:4 |    6512 |    1409 |  17.8 |      25 |       5 |  16.7
     Lair:5 |     737 |     722 |  49.5 |       2 |       4 |  66.7
            +---------+---------+-------+---------+---------+-------

Illustrated notes

Table legend:
 A = Kills in this place as a percentage of kills in entire the game.
 B = Kills by you in this place as a percentage of kills by you in the entire game.
 C = Kills by friends in this place as a percentage of kills by friends in the entire game.
 D = Other kills in this place as a percentage of other kills in the entire game.
 E = Experience gained in this place as a percentage of experience gained in the entire game.
 F = Experience gained in this place divided by the number of levels of this place that you have seen.
                   A       B       C       D       E      F
               +-------+-------+-------+-------+-------+----------------------
         Total | 100.0 | 100.0 | 100.0 | 100.0 | 100.0 | 2394.3
       Dungeon |  57.6 |  66.1 |  14.6 | 100.0 |  19.8 | 791.1
          Lair |  42.4 |  33.9 |  85.4 |   0.0 |  80.2 | 5758.8
               +-------+-------+-------+-------+-------+----------------------

Table legend: (Time is in decaauts)
 A = Elapsed time spent in this place.
 B = Non-inter-level travel time spent in this place.
 C = Inter-level travel time spent in this place.
 D = Time resting spent in this place.
 E = Time spent auto-exploring this place.
 F = Levels seen in this place.
 G = Mean time per level.
                   A        B        C        D        E       F      G
               +--------+--------+--------+--------+--------+-----+--------+
         Total |  18094 |  17340 |    754 |   1303 |  14088 |  15 | 1206.3 |
       Dungeon |  11205 |  10731 |    474 |    828 |   8725 |   9 | 1245.0 |
        Temple |     21 |     12 |      9 |      0 |      0 |   1 |   21.0 |
          Lair |   6867 |   6597 |    270 |    475 |   5363 |   5 | 1373.4 |
               +--------+--------+--------+--------+--------+-----+--------+

Top non-repeatable levels by time:
     D:8: 2769 daAuts
  Lair:1: 2311 daAuts
  Lair:3: 1968 daAuts
     D:5: 1599 daAuts
     D:3: 1437 daAuts
  Lair:2: 1331 daAuts
     D:7: 1261 daAuts
     D:1: 1248 daAuts
     D:6: 1175 daAuts
  Lair:4: 1103 daAuts
     D:2: 901 daAuts
     D:4: 810 daAuts
  Lair:5: 152 daAuts
  Temple: 21 daAuts
     D:9: 1 daAuts
